 Dungeon Crawl Stone Soup version 0.20.0-10-g0535bb4 (webtiles) character file.

343 nikopol the Magician (level 6, -6/32 HPs)
             Began as a Deep Elf Fire Elementalist on June 3, 2017.
             Mangled by StylePro's ghost (17 damage)
             ... on level 4 of the Dungeon.
             The game lasted 00:11:23 (2819 turns).

nikopol the Magician (Deep Elf Fire Elementalist)   Turns: 2819, Time: 00:11:24

Health: -6/32      AC:  2    Str:  5    XL:     6   Next: 31%
Magic:  2/16       EV: 13    Int: 22    God:
Gold:   135        SH:  0    Dex: 15    Spells: 5/16 levels left

rFire    . . .     SeeInvis .   f - +0 dagger
rCold    . . .     Gourm    .   (no shield)
rNeg     . . .     Faith    .   a - +0 robe
rPois    .         Spirit   .   (no helmet)
rElec    .         Reflect  .   (no cloak)
rCorr    .         Harm     .   (no gloves)
MR       .....                  (no boots)
Stlth    ++........             (no amulet)
Regen    0.1/turn               (no ring)
MPRegen  0.2/turn               (no ring)

@: no status effects
A: no striking features
a: no special abilities


You were on level 4 of the Dungeon.
You were not hungry.

You visited 1 branch of the dungeon, and saw 4 of its levels.

You collected 135 gold pieces.

Inventory:

Hand Weapons
 f - a +0 dagger (weapon)
 t - a +0 rapier
Armour
 a - a +0 robe (worn)
Jewellery
 o - an uncursed ring of positive energy {unknown}
Wands
 x - a wand of digging (10/24)
 y - a wand of confusion (17/48)
Scrolls
 e - a scroll of identify
 k - 2 scrolls of remove curse
 q - a scroll of recharging {unknown}
 s - 2 scrolls of amnesia {unknown}
 u - a scroll of fear {unknown}
 v - 2 scrolls of noise {unknown}
Potions
 g - 2 potions of lignification {unknown}
 i - a potion of mutation {unknown}
 j - a potion of magic {unknown}
 l - 2 potions of curing
 n - 3 potions of agility
 p - a potion of cancellation {unknown}
 r - a potion of brilliance {unknown}
 w - a potion of might {unknown}
 A - a potion of resistance {unknown}
 B - a potion of berserk rage {unknown}
Books
 b - a book of Flames

   Spells                             Type                      Level
   a - Flame Tongue                   Conjuration/Fire             1
   b - Throw Flame                    Conjuration/Fire             2
   c - Conjure Flame                  Conjuration/Fire             3
   d - Inner Flame                    Hexes/Fire                   3
   e - Sticky Flame                   Conjuration/Fire             4
   f - Fireball                       Conjuration/Fire             5
Comestibles
 c - 4 bread rations
 d - 2 chunks of flesh
 h - 2 meat rations
 m - 10 fruits


   Skills:
 + Level 0.2 Fighting
 + Level 2.9 Dodging
 + Level 3.3 Stealth
 + Level 5.6 Spellcasting
 + Level 3.1 Conjurations
 + Level 5.3 Fire Magic


You had 5 spell levels left.
You knew the following spells:

 Your Spells              Type           Power        Failure   Level  Hunger
a - Flame Tongue          Conj/Fire      ###..        1%          1    None
b - Throw Flame           Conj/Fire      ###...       2%          2    None
c - Conjure Flame         Conj/Fire      ###.....     4%          3    ##.....
d - Fireball              Conj/Fire      ###.......   43%         5    #####..


Dungeon Overview and Level Annotations

Branches:
Dungeon (4/15)
 Temple: D:4-7

Altars:
Ashenzari
Fedhas
Ru

Annotations:
D:4 StylePro's ghost, amateur DDFi


Message History

Aim: a centaur (heavily wounded)
The flame tongue hits the centaur.
The centaur is almost dead.
The centaur misses you. The centaur barely misses you.
Casting: Flame Tongue
Confirm with . or Enter, or press ? or * to list all spells.
Aiming: Flame Tongue
Press: ? - help, Shift-Dir - straight line, f/p - centaur
Aim: a centaur (almost dead)
The flame tongue hits the centaur.
You kill the centaur!
Your Conjurations skill increases to level 3!
Things that are here:
an uncursed shortbow; 19 arrows; a leopard gecko skeleton You see here a ring mail.
StylePro's ghost wails.
StylePro's ghost hits you!
Ouch! That really hurt!
You die...

###..........#...l.....
#....................
#.....(.............. #
#..........##........
..##.........##.#...#..
##..............#......
#......W....(.....##...
#..#.?.@......$##.(##...
#.##...........###(.....
#. #########...# #.#...$
####[#####.#....
#........)....##
#.########>..## # ##$.#
#.... ......


You could see StylePro's ghost.

Vanquished Creatures
  A phantom (D:4)
  A centaur (D:4)
  Jessica (D:2)
  A worker ant (D:4)
  4 adders
  An adder skeleton (D:4)
  3 worms
  4 leopard geckos
  2 ball pythons (D:1)
  11 bats
  6 giant cockroaches
  9 goblins
  5 hobgoblins
  12 jackals
  7 kobolds
  2 frilled lizards
  2 rats (D:2)
72 creatures vanquished.

Notes
Turn   | Place    | Note
-------+----------+-------------------------------------------
     0 | D:1      | nikopol the Deep Elf Fire Elementalist began the quest for the Orb.
     0 | D:1      | Reached XP level 1. HP: 10/10 MP: 6/6
   436 | D:1      | Reached XP level 2. HP: 15/15 MP: 5/8
   440 | D:1      | Learned a level 2 spell: Throw Flame
  1132 | D:2      | Reached XP level 3. HP: 19/19 MP: 0/10
  1251 | D:2      | Found a shattered altar of Ashenzari.
  1347 | D:2      | Learned a level 3 spell: Conjure Flame
  1419 | D:2      | Noticed Jessica
  1420 | D:2      | Found a blossoming altar of Fedhas.
  1425 | D:2      | Killed Jessica
  1466 | D:2      | Reached XP level 4. HP: 24/24 MP: 10/12
  1534 | D:2      | Found a sacrificial altar of Ru.
  2505 | D:4      | Noticed a phantom
  2505 | D:4      | Reached XP level 5. HP: 28/28 MP: 10/14
  2512 | D:4      | Learned a level 5 spell: Fireball
  2731 | D:4      | Killed a phantom
  2731 | D:4      | Reached skill level 5 in Spellcasting
  2731 | D:4      | Reached skill level 5 in Fire Magic
  2752 | D:4      | Reached XP level 6. HP: 15/32 MP: 3/16
  2760 | D:4      | Noticed StylePro's ghost (amateur DDFi)
  2819 | D:4      | Mangled by StylePro's ghost

Skill      XL: |  1  2  3  4  5  6 |
---------------+-------------------+-----
Fire Magic     | 4 5 |  5.3
Stealth        | 3 |  3.3
Spellcasting   | 4 5 |  5.6
Conjurations   | 2 3 |  3.1
Fighting       | |  0.2
Dodging        | |  2.9

Action                   |  1- 3 |  4- 6 || total
-------------------------+-------+-------++-------
Melee: Dagger            |     3 |     1 ||     4
 Cast: Flame Tongue      |    49 |    81 ||   130
       Throw Flame       |     5 |     4 ||     9
  Use: Scroll            |       |     4 ||     4
       Potion            |       |     1 ||     1
 Stab: Sleeping          |       |     1 ||     1
  Eat: Chunk             |     2 |     4 ||     6
Armor: Robe              |     4 |     2 ||     6
Dodge: Dodged            |    18 |    24 ||    42
